 Dungeon Crawl Stone Soup version 0.24-a0-176-gc3651c4 (webtiles) character file.

Game seed: 8590743635525005749

275478 nikopol the Executioner (level 19, -57/179 HPs)
             Began as a Minotaur Berserker on Mar 11, 2019.
             Was the Champion of Trog.
             Killed from afar by a deep elf annihilator (82 damage)
             ... with a crystal spear
             ... led by an ironheart preserver
             ... on level 4 of the Vaults on Mar 12, 2019.
             The game lasted 02:01:08 (46969 turns).

nikopol the Executioner (Minotaur Berserker)       Turns: 46969, Time: 02:01:09

Health: -57/179    AC: 25    Str: 28    XL:     19   Next: 55%
Magic:  6/6        EV: 12    Int:  4    God:    Trog [******]
Gold:   1861       SH:  0    Dex: 15    Spells: 18/18 levels left

rFire    + . .     SeeInvis .   a - +8 executioner's axe (antimagic)
rCold    + + .     Gourm    .   (shield currently unavailable)
rNeg     + + .     Faith    .   s - +1 plate armour "Ygam" {Slay+2}
rPois    +         Spirit   .   w - -2 hat of the Alchemist {rElec rPois rF+ rC+ rN+ MR+ rMut rCorr}
rElec    +         Reflect  .   p - +2 cloak {rPois}
rCorr    +         Harm     .   Y - +2 pair of gloves {Dex+3}
rMut     +                      L - +1 pair of boots
MR       ++...                  V - amulet of the acrobat
Stlth    ..........             M - ring of protection from cold
HPRegen  0.39/turn              J - ring of positive energy
MPRegen  0.10/turn

@: berserk cooldown, slowed, very slow
A: retaliatory headbutt, horns 2
}: 2/15 runes: serpentine, barnacled
a: Berserk, Trog's Hand, Brothers in Arms, Renounce Religion


You were on level 4 of the Vaults.
You worshipped Trog.
Trog was exalted by your worship.
You were very hungry.

You visited 6 branches of the dungeon, and saw 34 of its levels.
You also visited: Ossuary, Gauntlet and Ice Cave.

You collected 4231 gold pieces.
You spent 2370 gold pieces at shops.

Inventory:

Hand Weapons
 a - a +8 antimagic executioner's axe (weapon)
 z - a +5 longbow of freezing
Missiles
 j - 797 arrows
Armour
 p - a +2 cloak of poison resistance (worn)
 s - the +1 plate armour "Ygam" (worn) {Slay+2}
   (You bought it in a shop on level 1 of the Shoals)

   It affects your accuracy and damage with ranged weapons and melee attacks
   (+2).
 w - the -2 hat of the Alchemist (worn) {rElec rPois rF+ rC+ rN+ MR+ rMut rCorr}
   (You bought it in a shop on level 2 of the Orcish Mines)

   It protects you from fire.
   It protects you from cold.
   It insulates you from electricity.
   It protects you from poison.
   It protects you from negative energy.
   It affects your resistance to hostile enchantments.
   It provides partial protection from all sources of acid and corrosion.
   It protects you from mutation.
 L - a +1 pair of boots (worn)
 Y - a +2 pair of gloves of dexterity (worn)
Jewellery
 F - a +5 ring of strength
 J - a ring of positive energy (right hand)
 M - a ring of protection from cold (left hand)
 V - an amulet of the acrobat (around neck)
 W - an uncursed ring of protection from fire
Wands
 e - a wand of digging (9)
 i - a wand of clouds (15)
 u - a wand of scattershot (17)
 x - a wand of iceblast (14)
 y - a wand of flame (64)
 B - a wand of paralysis (23)
 K - a wand of disintegration (56)
 O - a wand of acid (36)
 T - a wand of polymorph (39)
Scrolls
 d - 3 scrolls of immolation
 f - 2 scrolls of holy word
 g - 22 scrolls of teleportation
 h - 5 scrolls of blinking
 n - 14 scrolls of identify
 r - a scroll of fear
 v - 2 scrolls of magic mapping
 I - 5 scrolls of fog
 Q - a scroll of enchant armour
 S - 3 scrolls of remove curse
 U - 3 scrolls of silence
Potions
 b - 2 potions of resistance
 k - 4 potions of invisibility
 l - 13 potions of curing
 m - 5 potions of haste
 q - 7 potions of might
 t - 4 potions of magic
 A - 4 potions of ambrosia
 C - 5 potions of heal wounds
 D - 6 potions of mutation
 E - 4 potions of brilliance
 G - 5 potions of cancellation
 H - 2 potions of lignification
 N - 3 potions of flight
 R - 3 potions of agility
Comestibles
 c - 41 rations
 o - a chunk of flesh


   Skills:
 + Level 18.2 Fighting
 * Level 23.0 Axes
 * Level 20.8 Bows
 + Level 14.3 Armour
 + Level 7.2 Dodging
 + Level 3.4 Stealth


You had 18 spell levels left.
You didn't know any spells.
Your spell library was empty.

Dungeon Overview and Level Annotations

Branches:
Dungeon (15/15)            Temple (0/1) D:4            Lair (6/6) D:8
 Shoals (4/4) Lair:3        Snake (4/4) Lair:2        Slime (0/5) Lair:6
    Orc (2/2) D:9             Elf (0/3) Orc:2        Vaults (2/5) D:14
  Crypt (0/3) Vaults:2
 Depths: D:15

Altars:
Ashenzari
Cheibriados
Dithmenos
Fedhas
Gozag
Nemelex Xobeh
Qazlal
Trog
Vehumet
Wu Jian
Xom
Zin
The Shining One
Beogh

Shops:
D:6 }*!(*   D:10 *   Orc:2 (*=[   Shoals:1 [   Snake:2 (*(   Vaults:1 (


Innate Abilities, Weirdness & Mutations

You reflexively headbutt those who attack you in melee.
You have a pair of horns on your head.


Message History

Items here: ( )))) [[[ †† Something unseen opens the door.
You hit the red devil.
The red devil is lightly wounded.
The red devil hits you but does no damage.
You slice the red devil like a ripe choko!!!
You kill the red devil!
You hear a hideous shriek!
You slice the deep elf annihilator like a ripe choko!!!
The deep elf annihilator's magic leaks into the air.
Your headbutt misses the deep elf annihilator.
The deep elf annihilator is severely wounded.
The deep elf demonologist mumbles some strange words.
The deep elf annihilator hits you but does no damage.
The deep elf demonologist mumbles some strange words.
Your plate armour "Ygam" prevents you from hitting the deep elf annihilator.
The deep elf annihilator is severely wounded.
The deep elf annihilator points at you and mumbles some strange words.
The crystal spear hits you!!!!
You die...

#.....##########'########
.........21..............
..........e(.............
.......)....(......2.....
).....................(..
.............e)..e2.)(...
......)....e...4()#
..............###e#
..........#####.@)#
#####.##### #.)))...# #.#
#...##'## #.# ##'## ..
#.# #.. .# #.# #.. # #..
'.. #.. ##'# #..


You could see a cacodemon, a hell beast, a deep elf annihilator and a deep elf
demonologist.

Vanquished Creatures
  Rupert (Lair:4)
  2 krakens
  Kirke (D:15)
  2 tengu reavers (Vaults:4)
  7 nagarajas
  Donald (Snake:3)
  Ilsuiw (Shoals:4)
  A fire giant (Vaults:4)
  2 frost giants
  An orc warlord (Orc:2)
  2 vault wardens (Vaults:1)
  An ironheart preserver (Vaults:4)
  A war gargoyle (Vaults:4)
  3 entropy weavers
  A stone giant (Shoals:1)
  A deep elf demonologist (Vaults:1)
  A minotaur (Gauntlet)
  An ettin (Vaults:4)
  A merfolk javelineer (Shoals:4)
  An eidolon (Vaults:2)
  A death ooze (Gauntlet)
  Snorg (Lair:3)
  10 merfolk impalers
  4 yaktaur captains
  Josephine (Lair:6)
  Erolcha (D:13)
  2 fire dragons (Vaults:1)
  A great orb of eyes (Vaults:1)
  Harold (D:7)
  An ogre mage (D:14)
  Fannar (D:11)
  6 hydras
  11 naga warriors
  4 vault guards (D:14)
  3 ice dragons
  Erica (Orc:1)
  4 two-headed ogres
  2 catoblepae
  5 merfolk avatars
  4 merfolk aquamancers
  11 anacondas
  2 death knights
  An alligator snapping turtle (Shoals:2)
  7 centaur warriors
  A queen ant (Lair:5)
  2 satyrs
  A deep troll shaman (Lair:6)
  6 death yaks
  A tengu warrior (D:15)
  5 naga sharpshooters
  Urug (Lair:4)
  11 shock serpents
  A vampire mage (Vaults:2)
  An orc high priest (Orc:2)
  A soul eater (Gauntlet)
  2 deep elf knights
  Nergalle (Orc:2)
  9 skeletal warriors
  A shadow wraith (Vaults:1)
  A fire crab (Gauntlet)
  2 unseen horrors
  The ghost of confidenceinterval the Spear-Bearer, a novice DsFi of Okawaru (D:8)
  22 sea snakes
  A deep troll (Vaults:4)
  4 ironbrand convokers
  11 harpies
  13 orc knights
  Pikel (D:4)
  A deep elf archer (Vaults:1)
  8 naga ritualists
  9 wizards
  An oklob plant (Lair:5)
  3 wolf spiders (Vaults:1)
  12 mana vipers
  8 deep elf magi
  3 ugly things
  12 manticores
  12 salamanders
  2 orc sorcerers
  14 cyclopes
  A salamander (shapeshifter) (D:14)
  7 elephants
  22 fauns
  4 guardian serpents
  Maurice (D:12)
  Joseph (D:7)
  14 merfolk sirens
  Psyche (D:10)
  36 black mambas
  7 water nymphs
  2 ice statues (IceCv)
  7 vault sentinels
  12 spiny frogs
  21 naga magi
  2 gargoyles
  An efreet (D:14)
  5 komodo dragons
  5 yaktaurs
  3 rime drakes
  3 freezing wraiths
  12 trolls
  A tengu conjurer (D:14)
  A meliai (shapeshifter) (D:15)
  A jumping spider (shapeshifter) (Vaults:1)
  23 merfolk
  A queen bee (D:8)
  A polar bear (shapeshifter) (D:14)
  5 polar bears
  8 wind drakes
  The ghost of galech the Chopper, an amateur DsFi (D:4)
  3 hornets
  13 blink frogs
  7 dream sheep
  A meliai zombie (D:12)
  4 hippogriffs
  14 slime creatures
  14 snapping turtles
  2 shadows
  A spriggan (D:7)
  11 water elementals
  7 wraiths
  Sigmund (D:5)
  A vampire (D:12)
  A wyvern (D:11)
  A basilisk (D:14)
  3 fire bats (Gauntlet)
  41 yaks
  A human (D:14)
  Eustachio (D:4)
  3 hogs (D:15)
  Menkaure (D:4)
  27 soldier ants
  7 vampire mosquitoes
  7 wargs
  2 hungry ghosts
  81 nagas
  An acid dragon (D:13)
  18 water moccasins
  5 porcupines
  32 orc warriors
  20 ice beasts
  3 sky beasts
  An eye of draining (D:13)
  A necrophage (D:11)
  2 phantoms
  10 ogres
  4 boggarts (D:14)
  12 centaurs
  8 wolves
  8 crocodiles
  Blork the orc (D:6)
  11 bullfrogs
  7 elf zombies (Ossuary)
  A wyvern skeleton (D:6)
  2 scorpions
  A water moccasin skeleton (D:4)
  32 killer bees
  6 howler monkeys
  4 crimson imps
  A quasit (D:11)
  2 bullfrog skeletons
  2 bullfrog zombies
  5 jellies
  21 orc priests
  12 hounds
  Crazy Yiuf (D:2)
  6 centaur zombies
  4 human zombies (Ossuary)
  Jessica (D:3)
  4 centaur skeletons
  3 iguanas
  Ijyb (D:4)
  22 orc wizards
  Natasha (thrice) (D:3)
  26 worker ants
  2 hound zombies
  A hound skeleton (D:6)
  3 mummies (Ossuary)
  A howler monkey skeleton (D:4)
  4 worker ant zombies
  Robin (D:4)
  3 gnolls (D:2)
  19 adders
  9 shadow imps
  13 white imps
  2 oozes
  An adder zombie (D:5)
  2 adder skeletons
  A worm (D:2)
  2 dart slugs (D:1)
  4 leopard geckos
  73 orcs
  6 bats
  6 giant cockroaches
  22 goblins
  15 hobgoblins
  4 jackals
  9 kobolds
  4 quokkas
  A ball python (D:1)
  2 frilled lizards
  2 quokka skeletons
  A quokka zombie (D:6)
  7 rats
  A fungus (D:2)
  7 plants
  6 tentacles
1304 creatures vanquished.

Vanquished Creatures (collateral kills)
  Aizul (Snake:2)
  A merfolk javelineer (Shoals:4)
  2 merfolk impalers
  A merfolk (Shoals:1)
  A naga (Snake:2)
6 creatures vanquished.

Vanquished Creatures (others)
  A merfolk avatar (Shoals:1)
  A slime creature (shapeshifter) (Vaults:4)
  A fungus (Lair:2)
  8 plants
  4 tentacles
15 creatures vanquished.

Grand Total: 1325 creatures vanquished

Notes
Turn   | Place    | Note
-------+----------+-------------------------------------------
     0 | D:1      | nikopol the Minotaur Berserker began the quest for the Orb.
     0 | D:1      | Reached XP level 1. HP: 19/19 MP: 0/0
   131 | D:1      | Reached XP level 2. HP: 26/27 MP: 1/1
   136 | D:1      | Reached skill level 4 in Axes
   230 | D:1      | Reached XP level 3. HP: 22/33 MP: 2/2
   360 | D:1      | Reached ** piety under Trog
   553 | D:2      | Reached XP level 4. HP: 40/40 MP: 3/3
   712 | D:2      | Reached skill level 5 in Axes
   873 | D:2      | Reached XP level 5. HP: 47/47 MP: 4/4
   889 | D:2      | Found a glowing silver altar of Zin.
  1123 | D:2      | Found an ornate altar of the Wu Jian Council.
  1417 | D:2      | Found a sparkling altar of Nemelex Xobeh.
  1493 | D:2      | Found a runed translucent door.
  1494 | D:2      | Noticed Crazy Yiuf
  1499 | D:2      | Killed Crazy Yiuf
  1499 | D:2      | Reached skill level 5 in Fighting
  1583 | D:3      | Reached *** piety under Trog
  1596 | D:3      | Noticed Jessica
  1606 | D:3      | Killed Jessica
  1738 | D:3      | Noticed Natasha
  1739 | D:3      | Found a blossoming altar of Fedhas.
  1741 | D:3      | Reached XP level 6. HP: 54/56 MP: 5/5
  1805 | D:3      | Killed Natasha
  1964 | D:3      | Found a glowing golden altar of the Shining One.
  1972 | D:3      | Noticed Natasha
  1980 | D:3      | Killed Natasha
  2064 | D:3      | Noticed Natasha
  2071 | D:3      | Killed Natasha
  2183 | D:4      | Noticed a slave
  2188 | D:4      | Noticed a slave
  2188 | D:4      | Noticed Pikel
  2189 | D:4      | Noticed a slave
  2190 | D:4      | Noticed a slave
  2285 | D:4      | Reached skill level 5 in Armour
  2442 | D:4      | Found a staircase to the Ecumenical Temple.
  2478 | D:4      | Reached skill level 6 in Axes
  2478 | D:4      | Noticed Eustachio
  2671 | D:4      | Killed Eustachio
  2671 | D:4      | Reached XP level 7. HP: 56/63 MP: 6/6
  2903 | D:4      | Noticed Robin
  2912 | D:4      | Reached **** piety under Trog
  2927 | D:4      | Killed Robin
  2992 | D:4      | Noticed Menkaure
  3001 | D:4      | Killed Menkaure
  3001 | D:4      | Reached skill level 7 in Axes
  3203 | D:4      | Found a runed translucent gate.
  3204 | D:4      | Found a runed translucent gate.
  3205 | D:4      | Found a runed translucent gate.
  3209 | D:4      | Noticed galech's ghost (amateur DsFi)
  3363 | D:4      | Killed Pikel
  3363 | D:4      | Reached skill level 8 in Axes
  3363 | D:4      | Reached XP level 8. HP: 71/71 MP: 7/7
  3421 | D:4      | Noticed Ijyb
  3442 | D:4      | Killed Ijyb
  3764 | D:5      | Entered Level 5 of the Dungeon
  3830 | D:4      | Killed galech's ghost
  3830 | D:4      | Reached skill level 5 in Dodging
  3913 | D:5      | Reached skill level 9 in Axes
  3944 | D:5      | Reached skill level 1 in Stealth
  3976 | D:5      | Noticed Sigmund
  3987 | D:5      | Killed Sigmund
  4013 | D:5      | Found an opulent altar of Gozag.
  4244 | D:5      | Reached XP level 9. HP: 80/80 MP: 8/8
  4957 | D:6      | Noticed Blork the orc
  4963 | D:6      | Killed Blork the orc
  4994 | D:6      | Found Dexotiq's General Store.
  5001 | D:6      | Bought a scroll of holy word for 82 gold pieces
  5001 | D:6      | Bought a scroll of blinking for 82 gold pieces
  5025 | D:6      | Reached skill level 10 in Axes
  5143 | D:6      | Reached skill level 1 in Bows
  5196 | D:6      | Found a shimmering altar of Xom.
  5331 | D:6      | Found Qetutuop's Assorted Antiques.
  5332 | D:6      | Found Reshrygh's Gadget Shop.
  5399 | D:6      | Received a gift from Trog
  5492 | D:6      | Found a stormy altar of Qazlal.
  5521 | D:6      | Found Ycol's Distillery.
  5524 | D:6      | Bought a potion of heal wounds for 65 gold pieces
  5524 | D:6      | Bought 2 potions of heal wounds for 130 gold pieces
  5570 | D:6      | Found a sand-covered staircase.
  5576 | Ossuary  | Entered an ossuary
  5837 | Ossuary  | Reached skill level 11 in Axes
  5978 | D:6      | Found Xiumn's Antique Weapon Shoppe.
  6258 | D:7      | Received a gift from Trog
  6339 | D:7      | Reached XP level 10. HP: 76/90 MP: 9/9
  6928 | D:7      | Noticed Harold
  6950 | D:7      | Killed Harold
  6950 | D:7      | Reached skill level 12 in Axes
  6950 | D:7      | Reached skill level 5 in Bows
  6966 | D:7      | Noticed Joseph
  6982 | D:7      | Killed Joseph
  6982 | D:7      | Reached ***** piety under Trog
  7235 | D:7      | You fall through a shaft!
  7235 | D:8      | Found a staircase to the Lair.
  7235 | D:8      | Noticed a death yak
  7235 | D:8      | Noticed a death yak
  7253 | D:8      | Killed a death yak
  7256 | D:8      | Noticed a death yak
  7274 | D:8      | Killed a death yak
  7274 | D:8      | Received a gift from Trog
  7274 | D:8      | Reached skill level 13 in Axes
  8224 | D:8      | Found a shimmering altar of Xom.
  8306 | D:8      | Found a transporter.
  8308 | D:8      | Noticed confidenceinterval's ghost (novice DsFi)
  8310 | D:8      | Found a transporter.
  8323 | D:8      | Found a shadowy altar of Dithmenos.
  8324 | D:8      | Reached XP level 11. HP: 97/97 MP: 10/10
  8340 | D:8      | Received a gift from Trog
  8509 | D:8      | Killed a death yak
  9205 | Lair:1   | Entered Level 1 of the Lair of Beasts
  9339 | Lair:1   | You fall through a shaft!
 10629 | Lair:2   | Received a gift from Trog
 10636 | Lair:2   | Reached skill level 14 in Axes
 10637 | Lair:2   | Reached skill level 10 in Fighting
 11413 | Lair:2   | Reached skill level 10 in Bows
 11427 | Lair:2   | Reached XP level 12. HP: 52/107 MP: 11/11
 11731 | Lair:2   | Found a staircase to the Snake Pit.
 11972 | Lair:3   | Noticed a four-headed hydra
 11982 | Lair:3   | Killed a four-headed hydra
 12267 | Lair:3   | Received a gift from Trog
 12318 | Lair:3   | Noticed Snorg
 12332 | Lair:3   | Killed Snorg
 12332 | Lair:3   | Reached skill level 15 in Axes
 12656 | Lair:3   | Found a staircase to the Shoals.
 13418 | Lair:4   | Noticed Urug
 13438 | Lair:4   | Killed Urug
 13970 | Lair:4   | Noticed Rupert
 13983 | Lair:4   | Paralysed by Rupert for 2 turns
 13990 | Lair:4   | Killed Rupert
 14593 | Lair:5   | Reached XP level 13. HP: 116/116 MP: 12/12
 14594 | Lair:5   | Noticed an entropy weaver
 14877 | Lair:5   | Killed an entropy weaver
 15580 | Lair:5   | Reached skill level 16 in Axes
 15596 | Lair:5   | Noticed an entropy weaver
 15609 | Lair:5   | Killed an entropy weaver
 16096 | Lair:5   | You fall through a shaft!
 16096 | Lair:6   | Entered Level 6 of the Lair of Beasts
 16167 | Lair:6   | Received a gift from Trog
 16709 | Lair:6   | Found a staircase to the Slime Pits.
 17258 | Lair:6   | Noticed Josephine
 17278 | Lair:6   | Received a gift from Trog
 17280 | Lair:6   | Killed Josephine
 17688 | Lair:6   | Reached XP level 14. HP: 126/126 MP: 13/13
 17973 | Lair:5   | Received a gift from Trog
 18797 | D:8      | Killed confidenceinterval's ghost
 18827 | D:8      | Reached skill level 17 in Axes
 19288 | D:9      | Found a shattered altar of Ashenzari.
 19350 | D:9      | Received a gift from Trog
 19705 | D:9      | Found a staircase to the Orcish Mines.
 19840 | Orc:1    | Entered Level 1 of the Orcish Mines
 19840 | Orc:1    | Found a roughly hewn altar of Beogh.
 19847 | Orc:1    | Noticed Erica
 20064 | Orc:1    | Killed Erica
 20776 | Orc:2    | Entered Level 2 of the Orcish Mines
 20776 | Orc:2    | Found a bloodstained altar of Trog.
 20917 | Orc:2    | Found a staircase to the Elven Halls.
 21095 | Orc:2    | Noticed Nergalle
 21117 | Orc:2    | Killed Nergalle
 21141 | Orc:2    | Received a gift from Trog
 21557 | Orc:2    | Found a roughly hewn altar of Beogh.
 21557 | Orc:2    | Noticed an orc warlord
 21584 | Orc:2    | Killed an orc warlord
 21584 | Orc:2    | Reached skill level 15 in Bows
 22205 | Orc:2    | Found Qetamiy's Antique Armour Emporium.
 22216 | Orc:2    | Found Taobbud's General Store.
 22230 | Orc:2    | Found Porug's Antique Weapon Emporium.
 22310 | Orc:2    | Found Nimomotifri's Jewellery Emporium.
 22332 | Orc:2    | Bought the -2 hat of the Alchemist {rElec rPois rF+ rC+ rN+
                  | MR+ rMut rCorr} for 849 gold pieces
 22332 | Orc:2    | Found the -2 hat of the Alchemist {rElec rPois rF+ rC+ rN+
                  | MR+ rMut rCorr}
 22332 | Orc:2    | Bought a pair of embroidered boots for 135 gold pieces
 22464 | D:10     | Entered Level 10 of the Dungeon
 22572 | D:10     | Reached skill level 18 in Axes
 22968 | D:10     | Found Nessuv Veol's General Store.
 22977 | D:10     | Upgraded the game from 0.24-a0-170-gd8427f5 to
                  | 0.24-a0-176-gc3651c4
 23006 | D:10     | Noticed Psyche
 23016 | D:10     | Killed Psyche
 23384 | D:11     | Noticed Fannar
 23388 | D:11     | Reached skill level 10 in Armour
 23395 | D:11     | Killed Fannar
 23849 | D:11     | Received a gift from Trog
 24270 | D:11     | Got a faintly glowing ring mail
 24281 | D:11     | Identified the +0 ring mail of Yredelemnul's Delight {rPois
                  | Str+6} (You found it on level 11 of the Dungeon)
 24468 | D:12     | Noticed Maurice
 24488 | D:12     | Killed Maurice
 24590 | D:12     | Found a frozen archway.
 24610 | IceCv    | Entered an ice cave
 24617 | IceCv    | Reached ****** piety under Trog
 24863 | IceCv    | Reached XP level 15. HP: 135/135 MP: 14/14
 25250 | D:12     | Identified a scroll of acquirement
 25508 | D:13     | Found a gate leading to a gauntlet.
 25508 | D:13     | Noticed Erolcha
 25514 | D:13     | Killed Erolcha
 25514 | D:13     | Received a gift from Trog
 25522 | Gauntlet | Entered a Gauntlet
 25522 | Gauntlet | Found a transporter.
 25529 | Gauntlet | Found a transporter.
 25532 | Gauntlet | Found a transporter.
 25549 | Gauntlet | Found a transporter.
 25562 | Gauntlet | Found a transporter.
 25579 | Gauntlet | Found a transporter.
 25589 | Gauntlet | Found a transporter.
 25594 | Gauntlet | Found a transporter.
 25596 | Gauntlet | Found a transporter.
 25597 | Gauntlet | Found a transporter.
 25604 | Gauntlet | Found a transporter.
 25609 | Gauntlet | Found a transporter.
 25714 | Gauntlet | Found a transporter.
 25718 | Gauntlet | Found a runed translucent door.
 25721 | Gauntlet | Found a runed translucent door.
 25724 | Gauntlet | Found a transporter.
 26076 | Gauntlet | Got a wavering bronze amulet
 26077 | Gauntlet | Identified the amulet "Atiadon" {Harm *Drain rPois rC-
                  | Dex+4} (You found it in a Gauntlet)
 26233 | D:13     | Reached skill level 19 in Axes
 26250 | D:13     | Received a gift from Trog
 27578 | D:14     | Found a roughly hewn altar of Beogh.
 27596 | D:14     | Received a gift from Trog
 28195 | D:14     | Received a gift from Trog
 28242 | D:14     | Found a gate to the Vaults.
 28465 | D:15     | Entered Level 15 of the Dungeon
 28465 | D:15     | Noticed Kirke
 28468 | D:15     | Found a snail-covered altar of Cheibriados.
 28476 | D:15     | Killed Kirke
 28794 | D:15     | Reached skill level 20 in Axes
 29184 | Shoals:1 | Entered Level 1 of the Shoals
 29659 | Shoals:1 | Reached XP level 16. HP: 80/146 MP: 15/15
 30342 | Lair:3   | Received a gift from Trog
 31025 | Shoals:1 | Found Etzadoupn's Antique Armour Shop.
 31270 | Shoals:1 | Received a gift from Trog
 31547 | Shoals:1 | Got a crude longbow {god gift}
 31838 | Lair:3   | Identified the +6 longbow "Ingewu Waque" {freeze, -Tele
                  | +Inv Str+7} (Trog gifted it to you on level 1 of the
                  | Shoals)
 31914 | Shoals:1 | Bought a heavily runed plate armour for 952 gold pieces
 32060 | Shoals:1 | Reached skill level 15 in Fighting
 33633 | Shoals:2 | Received a gift from Trog
 35059 | Shoals:3 | Noticed a kraken
 35070 | Shoals:3 | Killed a kraken
 35224 | Shoals:4 | Entered Level 4 of the Shoals
 35243 | Shoals:4 | Reached XP level 17. HP: 143/155 MP: 16/16
 35247 | Shoals:4 | Noticed Ilsuiw
 35618 | Shoals:4 | Killed Ilsuiw
 36129 | Shoals:4 | Received a gift from Trog
 36478 | Shoals:3 | Identified the cursed +1 plate armour "Ygam" {Slay+2} (You
                  | bought it in a shop on level 1 of the Shoals)
 37109 | Shoals:4 | Reached skill level 21 in Axes
 37127 | Shoals:4 | Got a barnacled rune of Zot
 37732 | Shoals:4 | Noticed a kraken
 37747 | Shoals:4 | Killed a kraken
 38740 | Snake:1  | Entered Level 1 of the Snake Pit
 39651 | Snake:1  | Received a gift from Trog
 40350 | Snake:2  | Found Entuinuez's Antique Weapon Shop.
 40352 | Snake:2  | Found Ceodoq's Assorted Antiques.
 40447 | Snake:2  | Found Weakhypn's Antique Weapon Shop.
 40455 | Snake:2  | Bought a scroll of teleportation for 75 gold pieces
 40638 | Snake:2  | Reached XP level 18. HP: 150/168 MP: 17/17
 40832 | Snake:2  | You fall through a shaft!
 40866 | Snake:3  | Received a gift from Trog
 41241 | Snake:2  | Noticed Aizul
 41250 | Snake:2  | Killed Aizul
 42293 | Snake:3  | Noticed Donald
 42300 | Snake:3  | Killed Donald
 42669 | Snake:4  | Entered Level 4 of the Snake Pit
 42669 | Snake:4  | Found a radiant altar of Vehumet.
 42841 | Snake:4  | Received a gift from Trog
 42854 | Snake:4  | Got a bronze chain mail
 42878 | Snake:4  | Identified the cursed +1 chain mail of Music {rElec rPois
                  | rCorr Dex-3} (You found it on level 4 of the Snake Pit)
 43256 | Snake:4  | Reached skill level 22 in Axes
 43876 | Snake:4  | Received a gift from Trog
 44095 | Snake:4  | Got a serpentine rune of Zot
 44468 | Vaults:1 | Entered Level 1 of the Vaults
 44506 | Vaults:1 | Received a gift from Trog
 44507 | Vaults:1 | Got an iridescent shortbow {god gift}
 44508 | Vaults:1 | Identified the +11 shortbow of Doom {flame, *Slow Dex+3}
                  | (Trog gifted it to you on level 1 of the Vaults)
 44641 | Vaults:1 | Found Soedd's Weapon Shoppe.
 44884 | Vaults:1 | Reached XP level 19. HP: 156/178 MP: 11/18
 46132 | Vaults:2 | Found a staircase to the Crypt.
 46363 | Vaults:2 | Received a gift from Trog
 46736 | Vaults:2 | You fall through a shaft for 2 floors!
 46910 | Vaults:4 | Received a gift from Trog
 46944 | Vaults:4 | Reached skill level 23 in Axes
 46961 | Vaults:4 | Received a gift from Trog
 46969 | Vaults:4 | Killed from afar by a deep elf annihilator

Levels and vault maps discovered:
D:1:      minmay_arrival_checkered_box, layout_basic, st_stairs_8
D:2:      layout_loops_cross, lemuel_crystal_altar, lemuel_crystal_altar,
          minivault_25, nemelex_dance_club_becter, uniq_crazy_yiuf_cottage
D:3:      layout_loops_ring, lemuel_round_altar, fedhas_ov_isle_minmay,
          uniq_jessica, uniq_natasha
D:4:      cheibrodos_pilgrimage, layout_basic, minmay_temple_entry_stoned_glass,
          gammafunk_ghost_necromancy, hex_large, minmay_fire_ice_demons,
          uniq_eustachio, uniq_menkaure, uniq_pikel, uniq_robin, uniq_ijyb
D:5:      layout_basic, lemuel_crystal_altar, first_ration, uniq_sigmund
D:6:      minmay_chambers_of_sixes, layout_loops_corners, basic_altar,
          serial_shops, shop, shop, nicolae_shop_behind_doors,
          nicolae_shop_stone, shop, nicolae_ossuary_entry_plus,
          nicolae_qazlal_general_emergency, uniq_blork_the_orc
D:7:      layout_loops_cross, the_bakery, uniq_joseph, uniq_harold
D:8:      layout_loops_ring, lemuel_coloured_pillars_altar, dpeg_lair_monsters,
          gammafunk_ghost_hive, grunt_dithmenos_smoke
D:9:      layout_roguey, cheibrodos_ashenzari_chains,
          minmay_orc_entry_guard_dogs
D:10:     layout_gridville, serial_shops, shop, uniq_psyche
D:11:     layout_stronghold, uniq_fannar
D:12:     layout_rooms, portal_ice_cave_entry_imps, uniq_maurice
D:13:     layout_long_grid, gauntlet_entry_generic, uniq_erolcha
D:14:     layout_roguey, grunt_vaults_entry_fortified, special_room
          [special_room_orc]
D:15:     grunt_enter_depths_hoard, layout_cross, cheibriados_altar_1,
          chequers_hall_statues_corner_a, uniq_kirke
Lair:1:   layout_gridlike, chequers_serial_rivers_marsh,
          chequers_serial_rivers_small_b, grunt_megastairs_2,
          serial_bayou_shore_b
Lair:2:   layout_roguey, minmay_snake_entry_guardpost_medium,
          serial_bayou_shore_b
Lair:3:   wander_river, layout_gridlike, elwin_shoals_entry_stream,
          enter_volcano_2, uniq_snorg
Lair:4:   layout_cave_pods, uniq_rupert, uniq_urug
Lair:5:   layout_hall_layers, minivault_29
Lair:6:   grunt_lair_end_beastmaster, layout_hall_layers, slime_dummy,
          uniq_josephine
Shoals:1: layout_shoals, serial_shops, shop_statue, st_shoals_ruin
Shoals:2: layout_shoals
Shoals:3: layout_shoals
Shoals:4: shoals_end_simple, layout_shoals, shoals_ilsuiw_alternative
Snake:1:  layout_layer_cave
Snake:2:  layout_misc_corridors, special_room, minmay_shop_star, uniq_aizul
Snake:3:  layout_basic, serial_bayou_shore_b, serial_bayou_shore_b, uniq_donald
Snake:4:  minmay_snake_end_coiled, layout_onion_interference, basic_altar,
          serial_bayou_shore_a
Orc:1:    layout_caves, basic_altar, uniq_erica
Orc:2:    grunt_orc_cross, layout_caves, basic_altar
Vaults:1: hangedman_vaults_unwind, vaults_room_pools, vaults_room_hallway,
          vaults_dpeg_spiral, grunt_vaults_swirl, nicolae_vaults_network_s,
          v_misc_26, grunt_vaults_bifocal, ontoclasm_vaults_hangar, st_cells,
          v_misc_4, grunt_vaults_twisty, vaults_room_pools,
          vaults_room_door_ring, layout_vaults_maze_bifur, serial_shops,
          shop_fountains
Vaults:2: nicolae_vaults_little_squares_4, nicolae_vaults_network_quinsquares
          [nicolae_vaults_network_quincunx_subvault,
          nicolae_vaults_network_quincunx_subvault,
          nicolae_vaults_network_quincunx_subvault,
          nicolae_vaults_network_quincunx_subvault], hangedman_vaults_locks,
          vaults_standard_mumra_lines, v_misc_3, nicolae_vaults_border_crossing,
          minmay_crypt_entry_simple_box, st_smaller_cells,
          nicolae_vaults_ring_of_whatevers, nicolae_vaults_bisected_exclaves,
          vaults_dpeg_hooks, ontoclasm_vaults_decontamination,
          nicolae_vaults_asterisk, vaults_room_octagon,
          nicolae_vaults_little_squares_6, ontoclasm_vaults_tryst,
          layout_vaults_omnibox
Vaults:4: ontoclasm_vaults_claustrophobia, ontoclasm_vaults_chip,
          ontoclasm_vaults_ring_small, nicolae_vaults_lopsided_apartments,
          hangedman_vaults_stagger, ontoclasm_vaults_pinch, vaults_dpeg_cross,
          layout_vaults_omnigrid
Ossuary:  ossuary_minmay_four_chambers
IceCv:    ice_cave_small_dragons
Gauntlet: minmay_gauntlet_77_tree [minmay_gauntlet_arena_77_block_sizes,
          minmay_gauntlet_arena_77_radiant_squares,
          minmay_gauntlet_arena_77_chump_sandwich,
          minmay_gauntlet_arena_77_squiggly,
          minmay_gauntlet_arena_77_hold_the_fort,
          minmay_gauntlet_arena_77_mirror, minmay_gauntlet_arena_77_cramped,
          gauntlet_exit_green]

Skill      XL: |  1  2  3  4  5  6  7  8  9 10 11 12 13 14 15 16 17 18 19 |
---------------+----------------------------------------------------------+-----
Fighting       | 4 5 6 7 8 9 10 11 12 13 14 15 16 17 18 | 18.2
Axes           | 4 5 6 8 9 11 13 14 15 16 18 20 21 22 23 | 23.0
Armour         | 3 4 5 6 7 8 9 10 11 12 13 14 | 14.3
Dodging        | 3 4 5 6 7 |  7.2
Stealth        | 1 2 3 |  3.4
Bows           | 4 7 10 12 14 15 16 17 19 20 | 20.8

Action                   |  1- 3 |  4- 6 |  7- 9 | 10-12 | 13-15 | 16-18 | 19-21 || total
-------------------------+-------+-------+-------+-------+-------+-------+-------++-------
Melee: Hand axe          |    68 |   180 |   100 |       |       |       |       ||   348
       Headbutt          |    10 |    33 |    66 |    75 |   151 |   133 |    31 ||   499
       War axe           |       |       |   176 |   269 |       |       |       ||   445
       Battleaxe         |       |       |       |    52 |   686 |   381 |       ||  1119
       Executioner's axe |       |       |       |       |       |   103 |   129 ||   232
 Fire: Shortbow          |       |       |    44 |   309 |   717 |       |       ||  1070
       Longbow           |       |       |       |       |   293 |   940 |   127 ||  1360
Invok: Berserk           |     1 |     1 |     5 |     5 |     6 |     3 |     2 ||    23
       Brothers in Arms  |       |       |       |       |     1 |     1 |       ||     2
       Trog's Hand       |       |       |       |       |       |     1 |       ||     1
  Use: Scroll            |       |       |     8 |    14 |    13 |    11 |       ||    46
       Potion            |       |       |       |       |       |     2 |       ||     2
 Stab: Sleeping          |       |       |       |     1 |       |       |       ||     1
       Distracted        |       |       |       |       |     1 |       |       ||     1
  Eat: Chunk             |       |     7 |    10 |    26 |    35 |    38 |     7 ||   123
       Ration            |       |       |     2 |     1 |     5 |     4 |       ||    12
Armor: Ring mail         |    29 |    69 |    22 |    86 |   158 |       |       ||   364
       Scale mail        |       |       |    96 |    18 |       |       |       ||   114
       Plate armour      |       |       |       |       |   236 |   454 |    55 ||   745
Dodge: Dodged            |    61 |   115 |   168 |   202 |   441 |   542 |    47 ||  1576

Table legend:
 A = Non-vault XP
 B = Vault XP
 C = Vault XP percentage of total XP
 D = Non-vault monster count
 E = Vault monster count
 F = Vault count percentage of total count
                 A         B        C        D         E       F
            +---------+---------+-------+---------+---------+-------
      Total |  267916 |  163279 |  37.9 |     866 |     432 |  33.3
            +---------+---------+-------+---------+---------+-------
        D:1 |      51 |       1 |   1.9 |      26 |       1 |   3.7
        D:2 |     191 |      51 |  21.1 |      30 |       3 |   9.1
        D:3 |     133 |      72 |  35.1 |      21 |       2 |   8.7
        D:4 |     249 |    1552 |  86.2 |       7 |      27 |  79.4
        D:5 |     466 |     220 |  32.1 |      14 |       1 |   6.7
        D:6 |     809 |     436 |  35.0 |      12 |       5 |  29.4
        D:7 |     992 |    1737 |  63.6 |      23 |       4 |  14.8
        D:8 |    1174 |    5454 |  82.3 |      24 |      19 |  44.2
        D:9 |    3031 |     640 |  17.4 |      31 |       4 |  11.4
       D:10 |    1271 |     454 |  26.3 |       8 |       1 |  11.1
       D:11 |    6949 |    1002 |  12.6 |      44 |       1 |   2.2
       D:12 |    5374 |     583 |   9.8 |      29 |      13 |  31.0
       D:13 |    6719 |    1039 |  13.4 |      25 |       1 |   3.8
       D:14 |   11979 |    8201 |  40.6 |      32 |      35 |  52.2
       D:15 |    8687 |    2825 |  24.5 |      30 |       4 |  11.8
     Lair:1 |    4378 |     515 |  10.5 |      20 |       3 |  13.0
     Lair:2 |    4625 |     779 |  14.4 |      17 |       5 |  22.7
     Lair:3 |   14005 |    2748 |  16.4 |      38 |       5 |  11.6
     Lair:4 |    1752 |    3821 |  68.6 |       8 |       3 |  27.3
     Lair:5 |    4572 |    8105 |  63.9 |       9 |      44 |  83.0
     Lair:6 |    7162 |    9593 |  57.3 |      23 |      20 |  46.5
   Shoals:1 |   17238 |    7012 |  28.9 |      39 |       9 |  18.8
   Shoals:2 |   21126 |       0 |   0.0 |      41 |       0 |   0.0
   Shoals:3 |   10232 |    1025 |   9.1 |      16 |       1 |   5.9
   Shoals:4 |   13412 |   25800 |  65.8 |      26 |      42 |  61.8
    Snake:1 |   24500 |       0 |   0.0 |      48 |       0 |   0.0
    Snake:2 |   21988 |    1300 |   5.6 |      50 |       1 |   2.0
    Snake:3 |   22602 |    1978 |   8.0 |      42 |       1 |   2.3
    Snake:4 |   15663 |   22956 |  59.4 |      31 |      44 |  58.7
      Orc:1 |    2534 |     929 |  26.8 |      25 |       1 |   3.8
      Orc:2 |    2131 |    8304 |  79.6 |      23 |      35 |  60.3
   Vaults:1 |   15527 |   15446 |  49.9 |      30 |      28 |  48.3
   Vaults:2 |    2710 |    7169 |  72.6 |       7 |      10 |  58.8
   Vaults:4 |   13684 |   10382 |  43.1 |      17 |      10 |  37.0
    Ossuary |       0 |     926 | 100.0 |       0 |      15 | 100.0
      IceCv |       0 |    5330 | 100.0 |       0 |      20 | 100.0
   Gauntlet |       0 |    4894 | 100.0 |       0 |      14 | 100.0
            +---------+---------+-------+---------+---------+-------
